 Dungeon Crawl Stone Soup version 0.23-a0-644-gb60d84b (webtiles) character file.

860 4thArraOfDagon the Cutter (level 7, -5/53 HPs)
             Began as a Mummy Enchanter on Jan 1, 2019.
             Was a Believer of Okawaru.
             Slain by a shadow imp (6 damage)
             ... on level 6 of the Dungeon.
             The game lasted 00:18:59 (4626 turns).

4thArraOfDagon the Cutter (Mummy Enchanter)         Turns: 4626, Time: 00:19:00

Health: -5/53      AC:  3    Str: 16    XL:     7   Next: 71%
Magic:  3/11       EV: 13    Int: 16    God:    Okawaru [**....]
Gold:   213        SH:  0    Dex: 13    Spells: 2/11 levels left

rFire    . . .     SeeInvis +   m - +4 short sword of Unreason {pierce, *Corrode rC+ Str+5 SInv}
rCold    + + .     Gourm    .   (no shield)
rNeg     + + +     Faith    .   b - +0 robe
rPois    ∞         Spirit   .   h - +0 helmet
rElec    .         Reflect  .   (no cloak)
rCorr    .         Harm     .   (no gloves)
MR       .....                  (no boots)
Stlth    ++........             c - amulet of magic regeneration
HPRegen  0.17/turn              i - ring of protection from fire
MPRegen  0.37/turn              (no ring)

@: no status effects
A: no food or potions, fire vulnerability, cold resistance 1, negative energy
resistance 3, torment resistance, unbreathing
a: Heroism, Renounce Religion


You were on level 6 of the Dungeon.
You worshipped Okawaru.
Okawaru was pleased with you.
You were not hungry.

You visited 1 branch of the dungeon, and saw 6 of its levels.

You collected 213 gold pieces.

Inventory:

Hand Weapons
 a - a +1 dagger
 m - the +4 short sword of Unreason (weapon) {pierce, *Corrode rC+ Str+5 SInv}
   (You found it on level 4 of the Dungeon)

   It inflicts extra damage upon your enemies.
   It affects your strength (+5).
   It protects you from cold.
   It lets you see invisible.
   It may corrode you when you take damage.
Armour
 b - a +0 robe (worn)
 h - a +0 helmet (worn)
Magical Staves
 n - an uncursed staff of power {!a}
Jewellery
 c - an amulet of magic regeneration (around neck)
 i - a ring of protection from fire (left hand)
Wands
 g - a wand of flame (9)
 l - a wand of iceblast (3)
Scrolls
 d - a scroll of amnesia
 f - a scroll of noise
 j - 2 scrolls of remove curse


   Skills:
 + Level 3.6 Fighting
 - Level 4.0 Short Blades
 + Level 2.9 Armour
 + Level 3.4 Dodging
 - Level 2.4 Stealth
 - Level 2.6 Spellcasting
 - Level 2.6 Hexes
 - Level 2.2 Invocations


You had 2 spell levels left.
You knew the following spells:

 Your Spells              Type           Power        Failure   Level  Hunger
a - Corona                Hex            ##.....      6%          1    N/A
b - Ensorcelled Hibernat  Hex/Ice        #.....       17%         2    N/A
c - Confuse               Hex            ##......     19%         3    N/A
d - Tukima's Dance        Hex            ##......     19%         3    N/A

Your spell library contained the following spells:

 Spells                   Type           Power        Failure   Level  Hunger
 Dazzling Spray           Conj/Hex       #.....       32%         3    N/A

Dungeon Overview and Level Annotations

Branches:
Dungeon (6/15)             Temple (0/1) D:6

Altars:
Ashenzari
Hepliaklqana
Kikubaaqudgha
Okawaru
Vehumet

Shops:
D:4 *

Annotations:
D:4 Duvessa, Menkaure
D:5 exclusion: upstairs
D:6 exclusion: downstairs


Innate Abilities, Weirdness & Mutations

You do not eat or drink.
Your flesh is vulnerable to fire.
You are immune to poison.
Your flesh is cold resistant. (rC+)
You are immune to negative energy. (rN+++)
You are immune to unholy pain and torment.
You can survive without breathing.


Message History

Unknown command.
Casting: Ensorcelled Hibernation (safe; 17% risk of failure)
Confirm with . or Enter, or press ? or * to list all spells.
Aiming: Ensorcelled Hibernation (safe; 17% risk of failure)
Press: ? - help, Shift-Dir - straight line, f - bullfrog
Aim: a bullfrog (chance to defeat MR: 37%)
The bullfrog easily resists.
The bullfrog closely misses you.
The shadow imp lashes its tail.
The shadow imp hits you.
* * * LOW HITPOINT WARNING * * *
Unknown command.
Casting: Ensorcelled Hibernation (safe; 17% risk of failure)
Confirm with . or Enter, or press ? or * to list all spells.
Aiming: Ensorcelled Hibernation (safe; 17% risk of failure)
Press: ? - help, Shift-Dir - straight line, f/p - bullfrog
Aim: a bullfrog (chance to defeat MR: 37%)
The bullfrog easily resists.
The bullfrog hits you.
* * * LOW HITPOINT WARNING * * *
The shadow imp hits you.
You die...

#.##.#.........#
.##.###.##.##.##.#####
# ..........##.##.# #.
#.##.....##.##5## ..
#.#..........O.# ..
#......##.###.# ###.
#.....##.# .#
#....###5......# .#
#....F@5O.###### .#
#....###..# .# #.#.
#..# .# # #.... ##.###
#.# #.# .c%


You could see an ogre (inner flame), a bullfrog and 2 shadow imps.

Vanquished Creatures
  A slave (D:6)
  A water moccasin zombie (D:5)
  Dowan (D:4)
  A scorpion (D:5)
  3 crimson imps
  A quasit (D:5)
  A hound (D:4)
  A jelly (D:4)
  3 orc wizards
  An orc priest (D:4)
  An iguana (D:4)
  4 worker ants
  Robin (D:2)
  7 gnolls
  8 adders
  An ooze (D:1)
  An adder zombie (D:6)
  An adder skeleton (D:4)
  6 worms (D:2)
  2 dart slugs
  6 leopard geckos
  12 orcs
  2 giant cockroaches
  14 goblins
  4 hobgoblins
  10 jackals
  3 kobolds
  A quokka (D:3)
  3 bats (D:2)
  4 frilled lizards
  2 quokka skeletons (D:5)
  8 rats
115 creatures vanquished.

Vanquished Creatures (others)
  A dancing weapon (D:4)
1 creature vanquished.

Grand Total: 116 creatures vanquished

Notes
Turn   | Place    | Note
-------+----------+-------------------------------------------
     0 | D:1      | 4thArraOfDagon the Mummy Enchanter began the quest for the
                  | Orb.
     0 | D:1      | Reached XP level 1. HP: 13/13 MP: 4/4
    28 | D:1      | Reached skill level 1 in Short Blades
   205 | D:1      | Reached XP level 2. HP: 11/19 MP: 2/5
   250 | D:1      | Learned a level 2 spell: Ensorcelled Hibernation
   321 | D:2      | Found an iron altar of Okawaru.
   322 | D:2      | Reached skill level 2 in Short Blades
   359 | D:2      | Became a worshipper of Warmaster Okawaru
   499 | D:2      | Reached XP level 3. HP: 24/24 MP: 2/7
   504 | D:2      | Learned a level 3 spell: Confuse
   553 | D:2      | Found an ancient bone altar of Kikubaaqudgha.
   553 | D:2      | Found a hazy altar of Hepliaklqana.
   554 | D:2      | Found a radiant altar of Vehumet.
   574 | D:2      | Noticed Robin
   948 | D:2      | Reached skill level 3 in Short Blades
  1014 | D:2      | Reached XP level 4. HP: 15/30 MP: 5/8
  1090 | D:2      | Reached skill level 1 in Invocations
  1704 | D:2      | Killed Robin
  2351 | D:3      | Reached XP level 5. HP: 36/36 MP: 6/9
  2580 | D:3      | Reached skill level 1 in Fighting
  2919 | D:4      | Noticed an ogre
  2931 | D:4      | Learned a level 3 spell: Tukima's Dance
  3077 | D:4      | Noticed Menkaure
  3207 | D:4      | Reached * piety under Okawaru
  3257 | D:4      | Got a brightly glowing short sword
  3258 | D:4      | Identified the +4 short sword of Unreason {pierce, *Corrode
                  | rC+ Str+5 SInv} (You found it on level 4 of the Dungeon)
  3267 | D:4      | Found Omitosiff's Assorted Antiques.
  3284 | D:4      | Reached skill level 1 in Armour
  3310 | D:4      | Reached XP level 6. HP: 43/43 MP: 10/10
  3414 | D:4      | Reached skill level 4 in Short Blades
  3508 | D:4      | Noticed Dowan
  3544 | D:4      | Killed Dowan
  3568 | D:5      | Entered Level 5 of the Dungeon
  3669 | D:5      | Reached XP level 7. HP: 49/51 MP: 1/11
  3684 | D:4      | Noticed Duvessa
  3709 | D:5      | Reached ** piety under Okawaru
  4473 | D:6      | Found a staircase to the Ecumenical Temple.
  4522 | D:6      | Found a shattered altar of Ashenzari.
  4626 | D:6      | HP: 1/53 [bullfrog (6)]
  4626 | D:6      | Slain by a shadow imp

Vault maps used:
D:1:      dpeg_arrival_rooms_a, grunt_decor_resistance
D:2:      gammafunk_temple_overflow_claw, okawaru_trees_1, uniq_robin
D:3:      wander_river, hangedman_decor_push
D:4:      serial_shops, shop, shop, first_ration, uniq_crazy_yiuf_cottage,
          uniq_menkaure, uniq_duvessa
D:6:      lemuel_doored_altar, nicolae_ashenzari_panopticon,
          minmay_temple_entry_antechambers, serial_shops, shop, uniq_pikel

Skill      XL: |  1  2  3  4  5  6  7 |
---------------+----------------------+-----
Short Blades   | 1 2 3 4 |  4.0
Invocations    | 2 |  2.2
Fighting       | 1 2 3 |  3.6
Armour         | 1 2 |  2.9
Dodging        | 2 3 |  3.4
Stealth        | |  2.4
Spellcasting   | |  2.6
Hexes          | |  2.6

Action                   |  1- 3 |  4- 6 |  7- 9 || total
-------------------------+-------+-------+-------++-------
Melee: Dagger            |    82 |   126 |       ||   208
       Short sword       |       |    47 |    50 ||    97
 Cast: Corona            |    10 |     1 |     1 ||    12
       Ensorcelled Hiber |    23 |    63 |    30 ||   116
       Confuse           |     6 |     4 |     7 ||    17
       Tukima's Dance    |       |     1 |       ||     1
Evoke: Wand              |       |       |     3 ||     3
  Use: Scroll            |     3 |       |     4 ||     7
 Stab: Sleeping          |    15 |    37 |     8 ||    60
       Confused          |       |       |     1 ||     1
Armor: Robe              |    10 |    25 |    11 ||    46
Dodge: Dodged            |    46 |    93 |    64 ||   203

Table legend:
 A = Non-vault XP
 B = Vault XP
 C = Vault XP percentage of total XP
 D = Non-vault monster count
 E = Vault monster count
 F = Vault count percentage of total count
                 A         B        C        D         E       F
            +---------+---------+-------+---------+---------+-------
      Total |    1122 |     107 |   8.7 |     100 |      14 |  12.3
            +---------+---------+-------+---------+---------+-------
        D:1 |      50 |       0 |   0.0 |      16 |       0 |   0.0
        D:2 |      63 |      38 |  37.6 |      19 |      13 |  40.6
        D:3 |     105 |       0 |   0.0 |      23 |       0 |   0.0
        D:4 |     355 |      69 |  16.3 |      21 |       1 |   4.5
        D:5 |     447 |       0 |   0.0 |      16 |       0 |   0.0
        D:6 |     102 |       0 |   0.0 |       5 |       0 |   0.0
            +---------+---------+-------+---------+---------+-------
